 Dungeon Crawl Stone Soup version 0.30-b1-2-g02819fbbbe (webtiles) character file.

Game seed: 11322098033022904886

137 Alarkh the Insei (level 5, 38/38 (42) HPs)
             Began as a Demonspawn Chaos Knight on May 20, 2023.
             Was a Plaything of Xom.
             Got out of the dungeon alive.
             The game lasted 00:04:19 (2470 turns).

Alarkh the Insei (Demonspawn Chaos Knight)          Turns: 2470, Time: 00:04:20

HP:   38/38 (42)    AC:  6    Str: 11    XL:     5   Next: 0%
MP:   15/15         EV: 11    Int: 18    God:    Xom [...*..]
Gold: 130           SH:  0    Dex: 17    Spells: 4/6 levels left

rFire   . .          .
                       - Unarmed
rCold   . . .        (no shield)
rNeg    . . .        a - +2 leather armour
rPois   .            (no helmet)
rElec   .            (no cloak)
rCorr   .            (no gloves)
SInv    .            (no boots)
Will    .....        (no amulet)
Stlth   +            e - ring of magical power
HPRegen 0.26/turn    i - +6 ring of intelligence
MPRegen 0.14/turn

%: no passive effects
@: drained
A: claws 1, yellow scales 1, spiny 1, demonic magic 1, agile 1, deformed body,
dopey 1, shaggy fur 1, MP-powered wands
a: Renounce Religion


You escaped.
You worshipped Xom.
You were a favourite toy of Xom.
You visited 1 branch of the dungeon, and saw 3 of its levels.

You collected 130 gold pieces.

Inventory:

Missiles
 c - a throwing net
Armour
 a - a +2 leather armour (worn)
Jewellery
 e - a ring of magical power (left claw)
 i - a +6 ring of intelligence (right claw)
Scrolls
 d - 2 scrolls of vulnerability {unknown}
 h - a scroll of fog {unknown}
 l - a scroll of butterflies {unknown}
 m - a scroll of teleportation {unknown}
 p - a scroll of torment {unknown}
 q - a scroll of enchant weapon {unknown}
 r - a scroll of identify
Potions
 f - a potion of berserk rage
 g - a potion of lignification
 j - a potion of cancellation {unknown}
 n - a potion of mutation {unknown}
 o - a potion of brilliance {unknown}
Miscellaneous
 b - a piece from Xom's chessboard (15/15) (quivered)


   Skills:
 + Level 3.8 Fighting
 - Level 1.7 Armour
 - Level 0.8 Dodging
 * Level 4.2 Unarmed Combat
 + Level 1.2 Spellcasting
 + Level 1.0 Transmutations


You had 4 spell levels left.
You knew the following spells:

 Your Spells              Type           Power      Damage    Failure   Level
a - Wereblood             Tmut           4%         N/A       26%         2

Your spell library contained the following spells:

 Spells                   Type           Power      Damage    Failure   Level
 Kiss of Death            Conj/Necr      4%         2d5       26%         1
 Momentum Strike          Conj/Tloc      2%         3d8       36%         2
 Sublimation of Blood     Necr           1%         N/A       36%         2
 Fulminant Prism          Conj/Hex       0%         3d5       95%         4
 Malign Gateway           Summ/Tloc      0%         N/A       100%        7
 Summon Hydra             Summ           0%         N/A       100%        7
 Summon Horrible Things   Summ           0%         N/A       100%        8
 Fire Storm               Conj/Fire      0%         6d1       100%        9


Dungeon Overview and Level Annotations

Branches:
Dungeon (3/15)

Altars:


Innate Abilities, Weirdness & Mutations

You have sharp fingernails.
You are partially covered in yellow scales. (AC +2)
You are partially covered in sharp spines.
Spells you cast may paralyse adjacent enemies.
You are agile. (Dex +4, Str/Int -1)
Armour fits poorly on your strangely shaped body.
You are dopey. (Int -2)
You are covered in fur. (AC +1)
You expend magic power (3 MP) to strengthen your wands.


Message History

r - 2 scrolls of identify
Found a stone staircase leading down.
Found a stone staircase leading up.
You now have 130 gold pieces (gained 12).
Found a stone staircase leading down.
As you read the scroll of identify, it crumbles to dust.
g - a potion of lignification No target in view!
An endoplasm comes into view.
An endoplasm is nearby!
An endoplasm is nearby!
The helpless endoplasm fails to defend itself.
You scratch the endoplasm.
The endoplasm is severely wounded.
The endoplasm is struck by your spines. The endoplasm barely misses you.
You claw the endoplasm!
You kill the endoplasm!
You have reached level 5!
Your demonic ancestry asserts itself...
Yellow scales grow over part of your body.
There is an escape hatch in the ceiling here.
(D) Dungeon
Where to? (Enter - D:3 @ (x,y), ? - help)
What level of the Dungeon? (default 1, ? - help)
Found an escape hatch in the floor.
Found 9 stones.
There is a stone staircase leading up here.
You climb upwards.
There is a stone staircase leading down here.
There is a stone staircase leading up here.
You climb upwards.
There is a stone staircase leading down here.
Unknown command.
There is an open door here.
There is an open door here.
There is an open door here.
You see here 5 stones.
There is a staircase leading out of the dungeon here.
Are you sure you want to leave the Dungeon?
This will make you lose the game!
You have escaped!

#.#.#.###.## ###...........# #
........#.# ##.............# #
#.#.#.....## #..############# #
#...#.#....# #.## ## #.###.'....#
#.# #. ......#....# #'# ### #.
##....#....# ##(####.## ###.
.....##....# ##...##.#'# #...
#...>##....# #..@..'##.## #...
......#....# ##...###...## #..÷
...#..#....# ##'###.....## #..)
...#...##### #.'........# #...
...#.#..### ##'###.....## #...
...#......# ##...###...## #...
...#......####.....'##.## ##÷..
...+......).###...##.#'# ####..##
...#......#.####.####.####....###


There were no monsters in sight!

Vanquished Creatures
  A hound (D:3)
  3 gnolls (D:2)
  An adder (D:2)
  3 worms (D:2)
  2 dart slugs (D:1)
  6 ball pythons
  8 endoplasms
  2 giant cockroaches (D:1)
  4 goblins
  8 hobgoblins
  2 jackals (D:3)
  5 kobolds
  4 bats
  3 frilled lizards
  4 rats
56 creatures vanquished.

Notes
Turn   | Place    | Note
-------+----------+-------------------------------------------
     0 | D:1      | Alarkh the Demonspawn Chaos Knight began the quest for the
                  | Orb.
     0 | D:1      | Reached XP level 1. HP: 18/18 MP: 1/1
   113 | D:1      | Reached skill level 3 in Unarmed Combat
   198 | D:1      | XOM: silly message
   203 | D:1      | Gained mutation: You are partially covered in sharp spines.
                  | [demonic ancestry]
   203 | D:1      | Reached XP level 2. HP: 24/24 MP: 2/2
   266 | D:1      | XOM: 9-stop teleportation journey
   596 | D:1      | Gained mutation: Spells you cast may paralyse adjacent
                  | enemies. [demonic ancestry]
   596 | D:1      | Reached XP level 3. HP: 25/29 MP: 3/3
   599 | D:1      | Learned a level 2 spell: Wereblood
   652 | D:1      | XOM: give mutations
   652 | D:1      | Gained mutation: You are agile. (Dex +4, Str/Int -1) [Xom's
                  | mischief]
   652 | D:1      | Gained mutation: You occasionally lose the ability to read
                  | scrolls when taking damage. [Xom's mischief]
   652 | D:1      | Gained mutation: You expend magic power (3 MP) to
                  | strengthen your wands. [Xom's mischief]
   922 | D:1      | XOM: give mutations
   922 | D:1      | Gained mutation: You are covered in fur. (AC +1) [Xom's
                  | mischief]
   922 | D:1      | Gained mutation: You have hidden genetic defects. [Xom's
                  | mischief]
   922 | D:1      | Lost mutation: You occasionally lose the ability to read
                  | scrolls when taking damage. [Xom's mischief]
   984 | D:2      | Found a faded altar of an unknown god.
  1035 | D:2      | Gained mutation: You are dopey. (Int -2) [hidden defects]
  1167 | D:2      | Gained mutation: Armour fits poorly on your strangely
                  | shaped body. [hidden defects]
  1167 | D:2      | Lost mutation: You have hidden genetic defects. [hidden
                  | defects expressed]
  1173 | D:2      | Got Ereshkigal's Vellum of Blasts
  1676 | D:2      | Gained mutation: You have sharp fingernails. [demonic
                  | ancestry]
  1676 | D:2      | Reached XP level 4. HP: 14/36 MP: 5/5
  1808 | D:2      | Reached skill level 4 in Unarmed Combat
  1883 | D:2      | XOM: summons 3 hostile demons
  2034 | D:2      | XOM: draining
  2077 | D:3      | XOM: stealth player
  2078 | D:3      | XOM: 2-stop teleportation journey
  2103 | D:3      | Reached skill level 1 in Spellcasting
  2103 | D:3      | Reached skill level 1 in Transmutations
  2150 | D:3      | XOM: scenery: summon butterflies
  2353 | D:3      | Gained mutation: You are partially covered in yellow
                  | scales. (AC +2) [demonic ancestry]
  2353 | D:3      | Reached XP level 5. HP: 38/38 MP: 6/6
  2470 | D:$      | Got out of the dungeon alive.

Illustrated notes

Levels and vault maps discovered:
D:1:      dpeg_arrival_rhombi, layout_basic
D:2:      layout_loops_corners, ebering_ecumenical_altar_sacrificial,
          serial_bayou_crossing
D:3:      layout_basic

Skill      XL: |  1  2  3  4 |
---------------+-------------+-----
Unarmed Combat | 3 4 |  4.2
Spellcasting   | 1 |  1.2
Transmutations | 1 |  1.0
Fighting       | |  3.8
Armour         | |  1.7
Dodging        | |  0.8

Action                     |  1- 3 |  4- 6 || total
---------------------------+-------+-------++-------
  Melee: Unarmed           |   120 |    43 ||   163
         Punch             |     2 |     1 ||     3
   Cast: Wereblood         |     1 |       ||     1
    Use: Potion            |     2 |       ||     2
         Scroll            |       |     2 ||     2
   Stab: Sleeping          |     1 |     3 ||     4
 Armour: Leather armour    |    33 |     9 ||    42
  Dodge: Dodged            |    66 |    25 ||    91
